 Dungeon Crawl Stone Soup version 0.20.0-15-g7f486f2 (webtiles) character file.

176 Cqwertzu the Caller (level 5, -10/35 HPs)
             Began as a Merfolk Summoner on June 25, 2017.
             Killed by nerve-wracking pain
             ... invoked by Grinder
              (13 damage)
             ... while paralysed by Grinder
             ... on level 3 of the Dungeon.
             The game lasted 00:11:17 (5053 turns).

Cqwertzu the Caller (Merfolk Summoner)              Turns: 5053, Time: 00:11:18

Health: -10/35     AC:  5    Str:  8    XL:     5   Next: 56%
Magic:  3/8        EV:  2    Int: 16    God:
Gold:   58         SH:  0    Dex: 14    Spells: 2/8 levels left

rFire    . . .     SeeInvis .   l - +0 halberd
rCold    . . .     Gourm    .   (shield currently unavailable)
rNeg     . . .     Faith    .   k - +2 robe
rPois    .         Spirit   .   (no helmet)
rElec    .         Reflect  .   (no cloak)
rCorr    .         Harm     .   o - +0 pair of gloves (curse)
MR       .....                  (no boots)
Stlth    ++........             (no amulet)
Regen    0.2/turn               (no ring)
MPRegen  0.2/turn               (no ring)

@: paralysed
A: change form in water, swift swim, stealthy swim
a: no special abilities


You were on level 3 of the Dungeon.
You were not hungry.

You visited 1 branch of the dungeon, and saw 3 of its levels.

You collected 58 gold pieces.

Inventory:

Hand Weapons
 l - a +0 halberd (weapon)
Armour
 k - a +2 robe (worn)
 o - a cursed +0 pair of gloves (worn)
Wands
 s - a wand of lightning (5/15)
Scrolls
 e - 2 scrolls of teleportation
 m - a scroll of amnesia
 n - a scroll of fear {unknown}
 r - a scroll of identify
Potions
 d - 2 potions of curing
 f - 2 potions of brilliance
 h - a potion of haste
 i - a potion of flight
 j - a potion of cancellation {unknown}
 p - a potion of might {unknown}
Books
 b - a book of Callings

   Spells                             Type                      Level
   a - Summon Small Mammal            Summoning                    1
   b - Call Imp                       Summoning                    2
   c - Call Canine Familiar           Summoning                    3
   d - Summon Guardian Golem          Hexes/Summoning              3
   e - Summon Lightning Spire         Summoning/Air                4
   f - Summon Ice Beast               Ice/Summoning                4
Comestibles
 a - a meat ration
 c - 3 bread rations
 g - 3 royal jellies


   Skills:
 + Level 0.0 Polearms
 - Level 3.1 Dodging
 - Level 2.1 Stealth
 - Level 2.1 Spellcasting
 - Level 6.4 Summonings


You had 2 spell levels left.
You knew the following spells:

 Your Spells              Type           Power        Failure   Level  Hunger
a - Summon Small Mammal   Summ           ###.         1%          1    #......
b - Call Imp              Summ           ###.....     2%          2    ###....
c - Call Canine Familiar  Summ           ###.....     4%          3    ###....


Dungeon Overview and Level Annotations

Branches:
Dungeon (3/15)

Altars:
Fedhas
Hepliaklqana
Uskayaw

Annotations:
D:3 Grinder


Message History

You barely miss Grinder.
Grinder is moderately wounded.
Grinder gestures at you.
You suddenly lose the ability to move!
Your hound barely misses Grinder.
Your crimson imp misses Grinder.
Your shadow imp hits Grinder.
Your hound bites Grinder.
Grinder hits you.
You writhe in agony.
Your crimson imp hits Grinder.
Your shadow imp completely misses Grinder.
Your hound barely misses Grinder.
Grinder hits you.
You writhe in agony.
* * * LOW HITPOINT WARNING * * *
Your crimson imp hits Grinder but does no damage.
Your hound bites Grinder.
Your shadow imp hits Grinder.
Grinder hits you!
* * * LOW HITPOINT WARNING * * *
Your hound barely misses Grinder.
Your crimson imp closely misses Grinder.
Your shadow imp hits Grinder but does no damage.
Your hound bites Grinder.
Grinder gestures at you. Pain shoots through your body!
You die...

#.............# ##.....###
######[######.# #....#.#..
#..## #.# ##..##....#
#####..####.# ###..>##.#..#
#........)..####........##..
#................#..##......
#..........#....#...##.#.#..
#........5h5................
#.........5@.....#.##.......
#.......<...)...............
##......)...#.#..(..........
#..........#.#.............
............#.#......#......
............##.##............
.............##.##............
..............#.##).<.#.#.....
............#.##.>##..#.....


You could see Grinder, a friendly hound, a friendly crimson imp and a friendly
shadow imp.

Vanquished Creatures
  The ghost of valhalheru the Skirmisher, an amateur HOWn of Beogh (D:3)
  A dart slug (D:2)
  A leopard gecko (D:1)
  2 giant cockroaches
  3 goblins (D:2)
  3 hobgoblins
  A jackal (D:1)
  A quokka (D:3)
  2 bats
  3 frilled lizards
  2 kobolds
  2 rats (D:3)
22 creatures vanquished.

Vanquished Creatures (collateral kills)
  Jessica (D:2)
  4 gnolls
  5 adders
  A worm (D:2)
  3 dart slugs
  A leopard gecko (D:1)
  4 orcs (D:3)
  A ball python (D:2)
  2 giant cockroaches (D:1)
  8 goblins
  7 hobgoblins
  A jackal (D:1)
  3 bats
  A frilled lizard (D:1)
  6 kobolds
  3 rats
51 creatures vanquished.

Grand Total: 73 creatures vanquished

Notes
Turn   | Place    | Note
-------+----------+-------------------------------------------
     0 | D:1      | Cqwertzu the Merfolk Summoner began the quest for the Orb.
     0 | D:1      | Reached XP level 1. HP: 13/13 MP: 3/3
  1006 | D:1      | Reached XP level 2. HP: 16/19 MP: 5/5
  1016 | D:1      | Learned a level 2 spell: Call Imp
  2005 | D:2      | Reached skill level 5 in Summonings
  2005 | D:2      | Reached XP level 3. HP: 21/24 MP: 2/6
  2203 | D:2      | Noticed Jessica
  2216 | D:2      | Killed Jessica
  2454 | D:2      | Learned a level 3 spell: Call Canine Familiar
  2811 | D:1      | Reached XP level 4. HP: 20/30 MP: 2/7
  3914 | D:3      | Noticed valhalheru's ghost (amateur HOWn)
  3923 | D:3      | Killed valhalheru's ghost
  3923 | D:3      | Reached skill level 6 in Summonings
  3923 | D:3      | Reached XP level 5. HP: 29/35 MP: 0/8
  4003 | D:3      | Found a hide-covered altar of Uskayaw.
  4232 | D:3      | Noticed Grinder
  4606 | D:3      | Found a blossoming altar of Fedhas.
  4607 | D:3      | Found a hazy altar of Hepliaklqana.
  4667 | D:3      | Paralysed by Grinder for 3 turns
  4675 | D:3      | Paralysed by Grinder for 3 turns
  4688 | D:3      | Paralysed by Grinder for 3 turns
  4699 | D:3      | Paralysed by Grinder for 4 turns
  5050 | D:3      | Paralysed by Grinder for 6 turns
  5053 | D:3      | Killed from afar by Grinder

Skill      XL: |  1  2  3  4  5 |
---------------+----------------+-----
Summonings     | 5 6 |  6.4
Dodging        | 3 |  3.1
Stealth        | |  2.1
Spellcasting   | |  2.1

Action                   |  1- 3 |  4- 6 || total
-------------------------+-------+-------++-------
Melee: Unarmed           |   104 |    23 ||   127
       Halberd           |       |    51 ||    51
 Cast: Summon Small Mamm |    11 |       ||    11
       Call Imp          |    21 |    21 ||    42
       Call Canine Famil |     3 |    12 ||    15
  Use: Scroll            |     4 |     5 ||     9
 Stab: Sleeping          |     1 |     1 ||     2
  Eat: Chunk             |     6 |    12 ||    18
Armor: Robe              |    30 |    20 ||    50
Dodge: Dodged            |   107 |    39 ||   146
